 Dungeon Crawl Stone Soup version 0.23-a0-143-g1adec7b (webtiles) character file.

48 HarryHood the Cudgeler (level 3, -4/23 HPs)
             Began as a Gargoyle Berserker on Sept 1, 2018.
             Was a Believer of Trog.
             Killed by divine providence
             ... invoked by an orc priest
              (8 damage)
             ... on level 2 of the Dungeon.
             The game lasted 00:04:21 (1322 turns).

HarryHood the Cudgeler (Gargoyle Berserker)         Turns: 1322, Time: 00:04:22

Health: -4/23      AC:  8    Str: 21    XL:     3   Next: 72%
Magic:  3/3        EV: 11    Int:  7    God:    Trog [**....]
Gold:   66         SH:  0    Dex:  9    Spells: 2/2 levels left

rFire    . . .     SeeInvis .   a - +0 mace
rCold    . . .     Gourm    .   (no shield)
rNeg     + . .     Faith    .   l - +0 ring mail
rPois    ∞         Spirit   .   (no helmet)
rElec    +         Reflect  .   (no cloak)
rCorr    .         Harm     .   (no gloves)
MR       .....                  (no boots)
Stlth    ..........             (no amulet)
HPRegen  0.07/turn              (no ring)
MPRegen  0.08/turn              (no ring)

@: no status effects
A: negative energy resistance 1, electricity resistance, unbreathing,
petrification resistance, rot immunity, AC +3
a: Berserk, Trog's Hand, Renounce Religion


You were on level 2 of the Dungeon.
You worshipped Trog.
Trog was pleased with you.
You were not hungry.

You visited 1 branch of the dungeon, and saw 2 of its levels.

You collected 66 gold pieces.

Inventory:

Hand Weapons
 a - a +0 mace (weapon)
 b - a +0 hunting sling
Missiles
 j - 74 stones (quivered)
Armour
 l - a +0 ring mail (worn)
Scrolls
 f - a scroll of noise {unknown}
 g - 2 scrolls of identify {unknown}
 k - a scroll of remove curse {unknown}
Potions
 e - 2 potions of heal wounds {unknown}
 h - 2 potions of curing {unknown}
 i - 2 potions of might {unknown}
 m - a potion of magic {unknown}
Comestibles
 c - a ration {@e1}
 d - 12 chunks of flesh


   Skills:
 - Level 3.2 Fighting
 + Level 4.6 Maces & Flails
 - Level 2.1 Armour
 - Level 1.5 Dodging


You had 2 spell levels left.
You didn't know any spells.
Your spell library was empty.

Dungeon Overview and Level Annotations

Branches:
Dungeon (2/15)

Altars:


Innate Abilities, Weirdness & Mutations

You are resistant to torment.
Your stone body is resilient. (AC +3)
You are immune to poison.
You resist negative energy. (rN+)
You are resistant to electric shocks. (rElec)
You can survive without breathing.
You are immune to petrification.
You are immune to rotting.


Message History

You hit the goblin.
You kill the goblin!
Trog accepts your kill.
You butcher the goblin corpse.
d - 12 chunks of flesh (gained 2) 2 orcs, an orc priest and an orc wizard come into view.
The orc shouts!
The orc priest shouts!
The orc wizard shouts!
The orc shouts!
The orc moves out of view.
An orc priest comes into view. It is wielding a hand axe.
The orc priest shouts!
The orc wizard gestures at you while chanting.
The magic dart hits you!
An orc comes into view.
The orc priest invokes the aid of Beogh against you.
Beogh smites you!
* * * LOW HITPOINT WARNING * * *
You take 15 damage, and have 4/23 hp.
MASSIVE DAMAGE!!
The orc priest calls down the wrath of Beogh upon you.
Beogh smites you!
You die...

#.........# ##..............#
#...##....# #..............#
#...###...######..............#
##...##.........#......#########
................#......#
.....##................#
.....##................#
#)........>............#
#..#.......#####@...####
#..####### ####....# ....
..#....# #.... ▒▒▒▒▒▒.#....#
#...▒▒ ...o...#o...# #...▒
≈o..≈..oo...# ....▒
.o..o.......# ........#####
........#


You could see an orc priest and 2 orcs.

Vanquished Creatures
  An ooze (D:1)
  A dart slug (D:1)
  A leopard gecko (D:2)
  A giant cockroach (D:1)
  10 goblins
  9 hobgoblins
  3 kobolds
  A ball python (D:1)
  6 bats
  2 frilled lizards
  A rat (D:2)
36 creatures vanquished.

Notes
Turn   | Place    | Note
-------+----------+-------------------------------------------
     0 | D:1      | HarryHood the Gargoyle Berserker began the quest for the
                  | Orb.
     0 | D:1      | Reached XP level 1. HP: 14/14 MP: 1/1
    58 | D:1      | Reached XP level 2. HP: 10/19 MP: 2/2
   350 | D:1      | Reached skill level 4 in Maces & Flails
   610 | D:1      | Reached XP level 3. HP: 18/23 MP: 3/3
  1270 | D:2      | Reached ** piety under Trog
  1322 | D:2      | Killed from afar by an orc priest

Vault maps used:
D:1:      eino_arrival_druids_welcome, hangedman_decor_growths
D:2:      cheibrodos_pilgrimage, makhleb_blood_cavern_becter,
          hangedman_abyss_or_decor_stabs, uniq_robin

Skill      XL: |  1  2 |
---------------+-------+-----
Maces & Flails | 4 |  4.6
Fighting       | |  3.2
Armour         | |  2.1
Dodging        | |  1.5

Action                   || total
-------------------------++-------
Melee: Mace              ||    99
  Use: Scroll            ||     3
  Eat: Chunk             ||     1
Armor: Animal skin       ||    22
       Ring mail         ||    27
Dodge: Dodged            ||    60

Table legend:
 A = Non-vault XP
 B = Vault XP
 C = Vault XP percentage of total XP
 D = Non-vault monster count
 E = Vault monster count
 F = Vault count percentage of total count
                 A         B        C        D         E       F
            +---------+---------+-------+---------+---------+-------
      Total |      58 |      11 |  15.9 |      30 |       6 |  16.7
            +---------+---------+-------+---------+---------+-------
        D:1 |      40 |       0 |   0.0 |      19 |       0 |   0.0
        D:2 |      18 |      11 |  37.9 |      11 |       6 |  35.3
            +---------+---------+-------+---------+---------+-------
